[ AOE2 MATCH · #480766994 ]
1v1 RMVikings vs Hindustanis
Player's team · LOSS
[ REPLAY ANALYSIS · EXTRACTED FROM THE RECORDED GAME ]
Feudal
9:59
Castle
24:30
Imperial
—
| APM avg | 35.8 |
| APM peak | 82 |
| eAPM avg | 14.6 |
| Villagers / military | 66 / 83 |
Focus
⚔️ 36.4% · 🌾 63.6%
Archer ×51 · Militia ×22 · Skirmisher ×4 · Spearman ×3 · Berserk ×3
Feudal
10:31
Castle
22:56
Imperial
—
| APM avg | 26.3 |
| APM peak | 41 |
| eAPM avg | 16.0 |
| Villagers / military | 110 / 75 |
Focus
⚔️ 27.2% · 🌾 72.8%
Ghulam ×51 · Skirmisher ×12 · Scout Cavalry ×9 · Spearman ×3
Match map
Initial resources + every placement click. Lines = walls · curves = elevation contours. ◆ gold · ⬟ stone · ● berries · ✦ relic · ◌ wall gap
Your base· Open — 3t gap
Mrsatan1982's base· Open — 4t gap
Smoothed initial terrain · ◌ = detected wall gap · hover for details
Inputs per minute
— roytiktok - - Mrsatan1982
Build order — roytiktok
First 150 of 236 actions detected
| 0:01 | Create | Villager (Male) |
| 0:01 | Create | Villager (Male) |
| 0:02 | Create | Villager (Male) |
| 0:02 | Create | Villager (Male) |
| 0:03 | Build | House |
| 0:06 | Build | House |
| 1:22 | Build | Lumber Camp |
| 1:35 | Create | Villager (Male) |
| 2:13 | Create | Villager (Male) |
| 2:13 | Create | Villager (Male) |
| 2:42 | Build | House |
| 2:46 | Create | Villager (Male) |
| 2:47 | Create | Villager (Male) |
| 2:58 | Create | Villager (Male) |
| 3:23 | Create | Villager (Male) |
| 3:24 | Create | Villager (Male) |
| 3:58 | Create | Villager (Male) |
| 4:26 | Create | Villager (Male) |
| 5:00 | Create | Villager (Male) |
| 5:00 | Create | Villager (Male) |
| 5:28 | Create | Villager (Male) |
| 5:57 | Build | House |
| 6:17 | Create | Villager (Male) |
| 6:45 | Create | Villager (Male) |
| 6:50 | Build | Mining Camp |
| 7:15 | Create | Villager (Male) |
| 7:22 | Build | Barracks |
| 7:49 | Research | Feudal Age |
| 7:50 | Research | Loom |
| 8:34 | Build | Palisade Wall |
| 8:45 | Build | Mill |
| 9:01 | Build | House |
| 9:17 | Build | House |
| 9:22 | Build | Palisade Gate |
| 9:27 | Build | House |
| 9:51 | Build | Palisade Wall |
| 9:59 | Age | Feudal Age |
| 10:02 | Build | Palisade Wall |
| 10:06 | Research | Horse Collar |
| 10:08 | Create | Villager (Male) |
| 10:09 | Create | Villager (Male) |
| 10:18 | Research | Double-Bit Axe |
| 10:31 | Build | Palisade Gate |
| 10:47 | Build | Palisade Wall |
| 10:53 | Build | Palisade Wall |
| 11:04 | Create | Villager (Male) |
| 11:14 | Build | Palisade Wall |
| 11:24 | Build | Archery Range |
| 11:41 | Build | Farm |
| 11:56 | Create | Villager (Male) |
| 11:56 | Create | Villager (Male) |
| 12:09 | Build | House |
| 12:31 | Create | Archer |
| 12:31 | Create | Archer |
| 12:32 | Create | Archer |
| 12:32 | Create | Archer |
| 12:37 | Build | Farm |
| 12:43 | Build | Palisade Wall |
| 12:48 | Create | Villager (Male) |
| 12:51 | Build | Farm |
| 13:04 | Build | House |
| 13:20 | Build | Farm |
| 13:22 | Build | Farm |
| 13:23 | Create | Villager (Male) |
| 13:23 | Create | Villager (Male) |
| 13:34 | Build | Palisade Wall |
| 13:41 | Create | Archer |
| 13:55 | Create | Spearman |
| 14:04 | Build | Farm |
| 14:08 | Create | Archer |
| 14:08 | Create | Archer |
| 14:21 | Build | Blacksmith |
| 14:25 | Create | Villager (Male) |
| 14:57 | Create | Archer |
| 14:57 | Create | Archer |
| 15:01 | Create | Villager (Male) |
| 15:02 | Create | Villager (Male) |
| 15:10 | Research | Fletching |
| 15:22 | Build | Archery Range |
| 15:36 | Build | Palisade Gate |
| 16:12 | Create | Archer |
| 16:12 | Create | Archer |
| 16:23 | Create | Archer |
| 16:23 | Create | Archer |
| 16:28 | Create | Villager (Male) |
| 16:28 | Create | Villager (Male) |
| 16:51 | Research | Gold Mining |
| 16:54 | Create | Villager (Male) |
| 16:56 | Build | Farm |
| 16:57 | Build | Farm |
| 16:57 | Build | Farm |
| 16:59 | Create | Villager (Male) |
| 17:01 | Create | Archer |
| 17:09 | Create | Villager (Male) |
| 17:22 | Create | Archer |
| 17:25 | Create | Villager (Male) |
| 17:26 | Create | Villager (Male) |
| 18:12 | Create | Archer |
| 18:13 | Create | Archer |
| 18:13 | Create | Archer |
| 18:16 | Build | Farm |
| 18:30 | Build | House |
| 18:33 | Build | Farm |
| 18:34 | Build | Farm |
| 18:34 | Build | Farm |
| 18:34 | Build | Farm |
| 18:50 | Research | Padded Archer Armor |
| 18:54 | Build | Farm |
| 18:59 | Build | Farm |
| 19:56 | Build | Farm |
| 19:58 | Build | Farm |
| 19:58 | Create | Archer |
| 19:59 | Create | Archer |
| 20:00 | Create | Archer |
| 20:00 | Create | Archer |
| 20:01 | Create | Villager (Male) |
| 20:02 | Create | Villager (Male) |
| 20:02 | Create | Villager (Male) |
| 20:17 | Create | Archer |
| 20:17 | Create | Archer |
| 20:27 | Research | Man-at-Arms (upgrade) |
| 20:40 | Build | Lumber Camp |
| 21:03 | Create | Villager (Male) |
| 21:50 | Research | Castle Age |
| 22:07 | Create | Archer |
| 22:08 | Create | Archer |
| 22:08 | Create | Archer |
| 22:09 | Create | Archer |
| 22:17 | Create | Archer |
| 22:17 | Create | Archer |
| 22:28 | Create | Militia |
| 22:28 | Create | Militia |
| 22:28 | Create | Militia |
| 22:29 | Create | Militia |
| 22:29 | Create | Militia |
| 22:44 | Research | Scale Mail Armor |
| 23:25 | Build | House |
| 23:29 | Research | Forging |
| 23:53 | Build | Barracks |
| 24:07 | Create | Skirmisher |
| 24:10 | Build | House |
| 24:30 | Create | Archer |
| 24:30 | Age | Castle Age |
| 24:30 | Create | Archer |
| 24:35 | Research | Crossbowman (upgrade) |
| 24:38 | Research | Bodkin Arrow |
| 24:42 | Research | Long Swordsman (upgrade) |
| 24:50 | Create | Militia |
| 24:51 | Create | Militia |
| 25:04 | Build | University |
Build order — Mrsatan1982
First 150 of 284 actions detected
| 0:01 | Create | Villager (Male) |
| 0:01 | Create | Villager (Male) |
| 0:02 | Create | Villager (Male) |
| 0:02 | Create | Villager (Male) |
| 0:03 | Build | House |
| 0:05 | Build | House |
| 1:13 | Create | Villager (Male) |
| 1:13 | Create | Villager (Male) |
| 1:13 | Create | Villager (Male) |
| 1:30 | Create | Villager (Male) |
| 1:30 | Create | Villager (Male) |
| 1:30 | Create | Villager (Male) |
| 1:56 | Build | House |
| 2:27 | Create | Villager (Male) |
| 2:27 | Create | Villager (Male) |
| 2:27 | Create | Villager (Male) |
| 2:27 | Create | Villager (Male) |
| 3:05 | Create | Villager (Male) |
| 3:05 | Create | Villager (Male) |
| 3:05 | Create | Villager (Male) |
| 3:06 | Create | Villager (Male) |
| 3:06 | Create | Villager (Male) |
| 3:06 | Create | Villager (Male) |
| 3:32 | Create | Villager (Male) |
| 3:33 | Create | Villager (Male) |
| 3:33 | Create | Villager (Male) |
| 3:33 | Create | Villager (Male) |
| 4:11 | Create | Villager (Male) |
| 4:12 | Create | Villager (Male) |
| 4:56 | Create | Villager (Male) |
| 4:57 | Create | Villager (Male) |
| 4:57 | Create | Villager (Male) |
| 5:42 | Create | Villager (Male) |
| 5:43 | Create | Villager (Male) |
| 5:43 | Create | Villager (Male) |
| 5:43 | Create | Villager (Male) |
| 6:00 | Build | House |
| 6:24 | Build | Lumber Camp |
| 6:32 | Create | Villager (Male) |
| 6:32 | Create | Villager (Male) |
| 6:33 | Create | Villager (Male) |
| 6:33 | Create | Villager (Male) |
| 6:46 | Build | Mill |
| 7:13 | Create | Villager (Male) |
| 7:13 | Create | Villager (Male) |
| 7:13 | Create | Villager (Male) |
| 7:26 | Build | Palisade Wall |
| 7:51 | Research | Feudal Age |
| 7:53 | Research | Loom |
| 8:44 | Build | Barracks |
| 9:10 | Build | House |
| 9:12 | Build | House |
| 10:09 | Build | Farm |
| 10:09 | Build | Farm |
| 10:10 | Build | Farm |
| 10:31 | Age | Feudal Age |
| 10:40 | Build | Stable |
| 10:54 | Build | Blacksmith |
| 10:57 | Create | Villager (Male) |
| 10:57 | Create | Villager (Male) |
| 10:57 | Create | Villager (Male) |
| 11:00 | Research | Double-Bit Axe |
| 11:17 | Build | Palisade Wall |
| 11:21 | Build | Palisade Wall |
| 11:22 | Build | Palisade Wall |
| 11:35 | Build | Palisade Gate |
| 11:39 | Create | Scout Cavalry |
| 11:40 | Create | Scout Cavalry |
| 11:40 | Create | Scout Cavalry |
| 11:44 | Build | Farm |
| 11:49 | Create | Spearman |
| 11:49 | Create | Spearman |
| 12:14 | Build | Farm |
| 12:14 | Build | Farm |
| 12:15 | Build | Farm |
| 12:35 | Build | House |
| 12:48 | Build | Farm |
| 12:49 | Build | Farm |
| 12:49 | Build | Farm |
| 12:56 | Create | Villager (Male) |
| 12:56 | Create | Villager (Male) |
| 12:56 | Create | Villager (Male) |
| 13:23 | Build | Mining Camp |
| 13:37 | Build | Farm |
| 13:42 | Research | Scale Barding Armor |
| 14:12 | Create | Villager (Male) |
| 14:12 | Create | Villager (Male) |
| 14:17 | Build | House |
| 14:35 | Build | Palisade Gate |
| 14:42 | Create | Villager (Male) |
| 14:42 | Create | Villager (Male) |
| 14:48 | Research | Horse Collar |
| 15:31 | Build | Mining Camp |
| 16:27 | Build | Watch Tower |
| 16:42 | Build | Archery Range |
| 16:45 | Create | Villager (Male) |
| 16:45 | Create | Villager (Male) |
| 16:45 | Create | Villager (Male) |
| 16:45 | Create | Villager (Male) |
| 16:57 | Research | Fletching |
| 17:24 | Create | Skirmisher |
| 17:25 | Create | Skirmisher |
| 17:25 | Create | Skirmisher |
| 17:37 | Build | Farm |
| 18:29 | Build | Farm |
| 18:33 | Create | Skirmisher |
| 18:34 | Create | Skirmisher |
| 18:34 | Create | Skirmisher |
| 19:02 | Create | Skirmisher |
| 20:16 | Research | Castle Age |
| 20:26 | Build | House |
| 20:27 | Build | House |
| 20:35 | Research | Forging |
| 20:37 | Research | Bloodlines |
| 20:42 | Build | Stable |
| 20:48 | Build | Farm |
| 21:00 | Create | Spearman |
| 21:45 | Create | Skirmisher |
| 21:45 | Create | Skirmisher |
| 21:46 | Create | Skirmisher |
| 22:32 | Create | Scout Cavalry |
| 22:32 | Create | Scout Cavalry |
| 22:41 | Build | House |
| 22:42 | Build | House |
| 22:42 | Build | House |
| 22:43 | Build | House |
| 22:43 | Build | House |
| 22:56 | Age | Castle Age |
| 23:03 | Create | Scout Cavalry |
| 23:52 | Research | Elite Skirmisher (upgrade) |
| 23:54 | Create | Villager (Male) |
| 23:54 | Create | Villager (Male) |
| 23:55 | Create | Villager (Male) |
| 23:55 | Create | Villager (Male) |
| 23:55 | Create | Villager (Male) |
| 23:55 | Create | Villager (Male) |
| 23:55 | Create | Villager (Male) |
| 24:12 | Research | Light Cavalry (upgrade) |
| 24:33 | Create | Villager (Male) |
| 24:33 | Create | Villager (Male) |
| 24:34 | Create | Villager (Male) |
| 24:34 | Create | Villager (Male) |
| 24:41 | Build | Lumber Camp |
| 25:22 | Build | Castle |
| 25:35 | Create | Scout Cavalry ×2 |
| 26:12 | Create | Scout Cavalry |
| 26:18 | Build | Farm |
| 26:18 | Build | Farm |
| 26:19 | Build | Farm |
| 26:19 | Build | Farm |
Match timeline
| 7:22 | roytiktok · first_building Barracks |
| 7:26 | Mrsatan1982 · wall_segment Palisade Wall x5 |
| 8:34 | roytiktok · wall_segment Palisade Wall x9 |
| 8:44 | Mrsatan1982 · first_building Barracks |
| 9:51 | roytiktok · wall_segment Palisade Wall x6 |
| 9:59 | roytiktok · age_up feudal |
| 10:02 | roytiktok · wall_segment Palisade Wall x6 |
| 10:31 | Mrsatan1982 · age_up feudal |
| 10:40 | Mrsatan1982 · first_building Stable |
| 10:47 | roytiktok · wall_segment Palisade Wall x10 |
| 10:53 | roytiktok · wall_segment Palisade Wall x6 |
| 11:14 | roytiktok · wall_segment Palisade Wall x7 |
| 11:17 | Mrsatan1982 · wall_segment Palisade Wall x7 |
| 11:21 | Mrsatan1982 · wall_segment Palisade Wall x14 |
| 11:22 | Mrsatan1982 · wall_segment Palisade Wall x1 |
| 11:24 | roytiktok · first_building Archery Range |
| 12:43 | roytiktok · wall_segment Palisade Wall x1 |
| 13:34 | roytiktok · wall_segment Palisade Wall x1 |
| 16:42 | Mrsatan1982 · first_building Archery Range |
| 22:56 | Mrsatan1982 · age_up castle |
| 24:30 | roytiktok · age_up castle |
| 25:22 | Mrsatan1982 · first_building Castle |
| 25:32 | roytiktok · wall_segment Palisade Wall x1 |
| 28:50 | roytiktok · first_market_sell 100 wood |
| 29:36 | Mrsatan1982 · wall_segment Palisade Wall x1 |
| 29:37 | Mrsatan1982 · wall_segment Palisade Wall x1 |
| 29:38 | Mrsatan1982 · wall_segment Palisade Wall x1 |
| 29:38 | Mrsatan1982 · wall_segment Palisade Wall x2 |
| 29:38 | Mrsatan1982 · wall_segment Palisade Wall x1 |
| 29:39 | Mrsatan1982 · wall_segment Palisade Wall x1 |
| 29:39 | Mrsatan1982 · wall_segment Palisade Wall x3 |
| 29:39 | Mrsatan1982 · wall_segment Palisade Wall x2 |
| 29:39 | Mrsatan1982 · wall_segment Palisade Wall x2 |
| 29:40 | Mrsatan1982 · wall_segment Palisade Wall x2 |
| 29:40 | Mrsatan1982 · wall_segment Palisade Wall x1 |
| 31:47 | roytiktok · first_market_buy 100 stone |
| 32:10 | roytiktok · first_building Castle |
| 35:55 | Mrsatan1982 · first_market_sell 500 wood |
| 35:57 | Mrsatan1982 · first_market_buy 100 food |
| 37:55 | roytiktok · first_building Siege Workshop |
| 40:00 | Mrsatan1982 · first_building Siege Workshop |
| 40:12 | roytiktok · resign |
[ AI ANALYSIS · 1 CREDIT ]
What really happened in this match?
Wolo.gg analyzes every decision: build order, eco, micro, common mistakes by bracket. Personalized analysis on WhatsApp or Discord in 30 seconds.
Civ guide
Vikings
Map guide
Arabia
Perfil
roytiktok